 Dungeon Crawl Stone Soup version 0.26-a0-737-g4e9f4955e2 (webtiles) character file.

Game seed: 18087777067080758503

86 Gargoyl the Skirmisher (level 4, -4/41 HPs)
             Began as a Gnoll Abyssal Knight on Nov 4, 2020.
             Was a Believer of Lugonu.
             Slain by Crazy Yiuf
             ... wielding a +4 quarterstaff of chaos
              (11 damage)
             ... on level 2 of the Dungeon.
             The game lasted 00:03:03 (2294 turns).

Gargoyl the Skirmisher (Gnoll Abyssal Knight)       Turns: 2294, Time: 00:03:04

Health: -4/41      AC: 11    Str: 16    XL:     4   Next: 49%
Magic:  5/7        EV: 10    Int: 17    God:    Lugonu [**....]
Gold:   59         SH:  0    Dex: 14    Spells: 5/5 levels left

rFire    . . .     SeeInvis +   a - +1 hand axe
rCold    . . .     Faith    .   (no shield)
rNeg     . . .     Spirit   .   c - +3 scale mail "Xotuf" {-Cast rCorr Int+3}
rPois    .         Reflect  .   q - +0 helmet
rElec    .         Harm     .   (no cloak)
rCorr    +         Rampage  .   (no gloves)
MR       .....     NoCast   +   (no boots)
Stlth    +.........             (no amulet)
HPRegen  0.13/turn              g - ring of stealth
MPRegen  0.10/turn              m - ring of see invisible

@: lethally poisoned (-4 -> -17), lightly drained
A: distributed training, fangs 1, strong nose
a: Depart the Abyss, Bend Space, Renounce Religion


You were on level 2 of the Dungeon.
You worshipped Lugonu.
Lugonu was pleased with you.
You visited 1 branch of the dungeon, and saw 2 of its levels.
You visited the Abyss 1 time.

You collected 59 gold pieces.

Inventory:

Hand Weapons
 a - a +1 hand axe (weapon)
Missiles
 l - 6 curare-tipped darts (quivered)
Armour
 c - the +3 scale mail "Xotuf" (worn) {-Cast rCorr Int+3}
   (You found it on level 2 of the Abyss)

   It affects your intelligence (+3).
   It prevents spellcasting.
   It provides partial protection from all sources of acid and corrosion.
 q - a +0 helmet (worn)
Jewellery
 g - a ring of stealth (left hand)
 m - a ring of see invisible (right hand)
Scrolls
 d - 3 scrolls of identify {unknown}
 h - 2 scrolls of magic mapping {unknown}
 i - a scroll of blinking {unknown}
 k - a scroll of remove curse {unknown}
 p - 2 scrolls of fog
Potions
 b - a potion of curing {unknown}
 e - a potion of brilliance {unknown}
 f - a potion of flight {unknown}
 j - a potion of heal wounds
 n - 3 potions of degeneration {unknown}
 o - a potion of cancellation {unknown}
 r - a potion of resistance {unknown}


   Skills:
 + Level 6.6(6.3) Fighting
 + Level 1.1(0.9) Short Blades
 + Level 1.1(0.9) Long Blades
 + Level 4.6(4.4) Axes
 + Level 1.1(0.9) Maces & Flails
 + Level 1.1(0.9) Polearms
 + Level 1.1(0.9) Staves
 + Level 1.1(0.9) Slings
 + Level 1.1(0.9) Bows
 + Level 1.1(0.9) Crossbows
 + Level 1.1(0.9) Throwing
 + Level 4.6(4.4) Armour
 + Level 2.7(2.5) Dodging
 + Level 1.1(0.9) Stealth
 + Level 1.1(0.9) Shields
 + Level 1.1(0.9) Unarmed Combat
 + Level 1.1(0.9) Spellcasting
 + Level 0.9(0.7) Conjurations
 + Level 0.9(0.7) Hexes
 + Level 0.9(0.7) Summonings
 + Level 0.9(0.7) Necromancy
 + Level 0.9(0.7) Translocations
 + Level 0.9(0.7) Transmutations
 + Level 0.9(0.7) Fire Magic
 + Level 0.9(0.7) Ice Magic
 + Level 0.9(0.7) Air Magic
 + Level 0.9(0.7) Earth Magic
 + Level 0.9(0.7) Poison Magic
 + Level 4.7(4.4) Invocations
 + Level 1.1(0.9) Evocations


You had 5 spell levels left.
You didn't know any spells.
Your spell library was empty.

Dungeon Overview and Level Annotations

Branches:
Dungeon (2/15)

Altars:

Annotations:
D:2 Crazy Yiuf


Innate Abilities, Weirdness & Mutations

Your experience applies equally to all skills.
You have very sharp teeth.
Your uncanny sense of smell can sniff out nearby items.


Message History

You hit Crazy Yiuf.
Crazy Yiuf is severely wounded.
You feel sick.
Crazy Yiuf hits you with a +4 quarterstaff of chaos!
You are lethally poisoned!
You hit Crazy Yiuf but do no damage.
Crazy Yiuf is severely wounded.
You feel sick.
Crazy Yiuf hits you with a +4 quarterstaff of chaos.
* * * LOW HITPOINT WARNING * * *
You feel your power leaking away.
Throwing (i - inventory)
l - 7 curare-tipped darts (quivered)
Press: ? - help, Shift-Dir - straight line, f - Crazy Yiuf
Aim: Crazy Yiuf, wielding a +4 quarterstaff of chaos and wearing a +2 cloak (severely wounded)
You throw a curare-tipped dart.
The curare-tipped dart completely misses Crazy Yiuf.
* * * LOW HITPOINT WARNING * * *
You feel sick.
Crazy Yiuf hits you with a +4 quarterstaff of chaos!
You die...

PP....#
#...##
..P#.##
#....#
.###.#
#+..'#
.##..#
♣....♣
....#######
♣♣...♣
..........#
♣♣.♣♣
.......##.#
♣♣.♣
....##.##.#
♣.♣♣
....##....#
♣♣@♣
....#####.#
♣g♣♣
....#####.#
#'#
###.......#
...
###########
#...#
..########
#)..#
..##.....#
#####
..##.....#
#........#
###


You could see Crazy Yiuf.

Vanquished Creatures
  Robin (D:2)
  An adder (D:2)
  2 worms (D:2)
  A dart slug (D:1)
  A leopard gecko (D:2)
  4 bats
  A giant cockroach (D:1)
  17 goblins
  7 hobgoblins
  4 jackals (D:2)
  A quokka (D:2)
  A ball python (D:2)
  4 frilled lizards (D:1)
  2 kobolds
  6 rats
53 creatures vanquished.

Vanquished Creatures (others)
  4 plants (D:2)
4 creatures vanquished.

Grand Total: 57 creatures vanquished

Notes
Turn   | Place    | Note
-------+----------+-------------------------------------------
     0 | Abyss:1  | Gargoyl the Gnoll Abyssal Knight began the quest for the
                  | Orb.
     0 | Abyss:1  | Reached XP level 1. HP: 23/23 MP: 3/3
   111 | Abyss:2  | Noticed an ancient zyme
   120 | Abyss:2  | Got a shimmering scale mail
   121 | D:1      | Escaped the Abyss
   132 | D:1      | Identified the +3 scale mail "Xotuf" {-Cast rCorr Int+3}
                  | (You found it on level 2 of the Abyss)
   640 | D:1      | Reached XP level 2. HP: 29/29 MP: 5/5
   757 | D:1      | Reached * piety under Lugonu
  1198 | D:2      | Reached XP level 3. HP: 32/35 MP: 6/6
  1580 | D:2      | Reached skill level 1 in Short Blades
  1580 | D:2      | Reached skill level 1 in Long Blades
  1580 | D:2      | Reached skill level 1 in Maces & Flails
  1580 | D:2      | Reached skill level 1 in Polearms
  1580 | D:2      | Reached skill level 1 in Staves
  1580 | D:2      | Reached skill level 1 in Slings
  1580 | D:2      | Reached skill level 1 in Bows
  1580 | D:2      | Reached skill level 1 in Crossbows
  1580 | D:2      | Reached skill level 1 in Throwing
  1580 | D:2      | Reached skill level 1 in Stealth
  1580 | D:2      | Reached skill level 1 in Shields
  1580 | D:2      | Reached skill level 1 in Unarmed Combat
  1580 | D:2      | Reached skill level 1 in Spellcasting
  1580 | D:2      | Reached skill level 1 in Evocations
  1765 | D:2      | Reached XP level 4. HP: 41/41 MP: 7/7
  1820 | D:2      | Found a runed translucent door.
  1821 | D:2      | Noticed Crazy Yiuf
  1948 | D:2      | Noticed Robin
  1954 | D:2      | Killed Robin
  1960 | D:2      | Reached ** piety under Lugonu
  2294 | D:2      | Slain by Crazy Yiuf

Illustrated notes

Levels and vault maps discovered:
D:1:      minmay_arrival_doors, layout_basic, chequers_hall_statues_wall_a,
          serial_park_tiny_pond
D:2:      layout_loops_cross, serial_forest, infiniplex_forest_join,
          infiniplex_forest_join, infiniplex_forest_lined_2,
          infiniplex_forest_clump_cross, infiniplex_forest_clump_C,
          infiniplex_forest_join, infiniplex_forest_clump_diagonal,
          infiniplex_forest_lined_4_way, uniq_robin, uniq_crazy_yiuf_cottage

Skill      XL: |  1  2  3 |
---------------+----------+-----
Short Blades   | 1 |  1.1
Long Blades    | 1 |  1.1
Maces & Flails | 1 |  1.1
Polearms       | 1 |  1.1
Staves         | 1 |  1.1
Slings         | 1 |  1.1
Bows           | 1 |  1.1
Crossbows      | 1 |  1.1
Throwing       | 1 |  1.1
Stealth        | 1 |  1.1
Shields        | 1 |  1.1
Unarmed Combat | 1 |  1.1
Spellcasting   | 1 |  1.1
Evocations     | 1 |  1.1
Fighting       | |  6.6
Axes           | |  4.6
Armour         | |  4.6
Dodging        | |  2.7
Conjurations   | |  0.9
Hexes          | |  0.9
Summonings     | |  0.9
Necromancy     | |  0.9
Translocations | |  0.9
Transmutations | |  0.9
Fire Magic     | |  0.9
Ice Magic      | |  0.9
Air Magic      | |  0.9
Earth Magic    | |  0.9
Poison Magic   | |  0.9
Invocations    | |  4.7

Action                   |  1- 3 |  4- 6 || total
-------------------------+-------+-------++-------
Melee: Hand axe          |   109 |    44 ||   153
       Bite              |     9 |     3 ||    12
Throw: Dart              |       |     1 ||     1
Invok: Depart the Abyss  |     1 |       ||     1
  Use: Scroll            |     1 |       ||     1
       Potion            |     1 |       ||     1
 Stab: Sleeping          |       |     1 ||     1
Armor: Scale mail        |    50 |    18 ||    68
Dodge: Dodged            |    67 |    18 ||    85

Table legend: (Time is in decaauts)
 A = Elapsed time spent in this place.
 B = Non-inter-level travel time spent in this place.
 C = Inter-level travel time spent in this place.
 D = Time resting spent in this place.
 E = Time spent auto-exploring this place.
 F = Levels seen in this place.
 G = Mean time per level.
                   A        B        C        D        E       F      G
               +--------+--------+--------+--------+--------+-----+--------+
         Total |   2302 |   2275 |     27 |     12 |   1840 |   4 |  575.5 |
       Dungeon |   2182 |   2155 |     27 |     12 |   1740 |   2 | 1091.0 |
         Abyss |    120 |    120 |      0 |      0 |    100 |   2 |   60.0 |
               +--------+--------+--------+--------+--------+-----+--------+

Top non-repeatable levels by time:
     D:2: 1140 daAuts
     D:1: 1041 daAuts
 Abyss:1: 108 daAuts
 Abyss:2: 12 daAuts
